 Dungeon Crawl Stone Soup version 0.30-a0-626-gd6a5dd7a1f (webtiles) character file.

Game seed: 8639012514420050252

185 psch the Poker (level 5, 0/38 HPs)
             Began as a Merfolk Gladiator on Dec 21, 2022.
             Slain by a black bear (7 damage)
             ... on level 4 of the Dungeon on Jan 11, 2023.
             The game lasted 00:08:08 (2648 turns).

psch the Poker (Merfolk Gladiator)                  Turns: 2648, Time: 00:08:09

Health: 0/38       AC:  5    Str: 14    XL:     5   Next: 64%
Magic:  5/5        EV: 13    Int: 10    God:
Gold:   160        SH:  4    Dex: 15    Spells: 4/4 levels left

rFire   + . .      SeeInvis .    j - +1 spear
rCold   + . .      Faith    .    v - +0 buckler
rNeg    . . .      Spirit   .    b - +0 leather armour
rPois   +          Reflect  .    c - +0 helmet
rElec   +          Harm     +    m - scarf {harm}
rCorr   +          Rampage  .    l - +0 pair of gloves
Will    .....                    (no boots)
Stlth   +                        (no amulet)
HPRegen 0.26/turn                i - ring of poison resistance
MPRegen 0.09/turn                (no ring)

@: resistant, attractive, flying
A: (nimble swimmer 2), mertail
a: no special abilities


You were on level 4 of the Dungeon.
You visited 1 branch of the dungeon, and saw 4 of its levels.

You collected 160 gold pieces.

Inventory:

Hand Weapons
 a - a +0 trident
 j - a +1 spear (weapon)
Missiles
 d - 3 throwing nets (quivered)
 e - a javelin
Armour
 b - a +0 leather armour (worn)
 c - a +0 helmet (worn)
 l - a +0 pair of gloves (worn)
 m - a scarf of harm (worn)
 v - a +0 buckler (worn)
Jewellery
 i - a ring of poison resistance (left hand)
Wands
 q - a wand of paralysis (3)
 s - a wand of mindburst (15)
Scrolls
 f - a scroll of poison
Potions
 h - a potion of degeneration {unknown}
 k - a potion of lignification {unknown}
 n - a potion of ambrosia {unknown}
 p - a potion of attraction
 r - a potion of invisibility {unknown}
 t - 2 potions of resistance
 u - a potion of magic {unknown}


   Skills:
 - Level 2.1 Fighting
 * Level 7.5 Polearms
 - Level 2.0 Throwing
 + Level 4.5 Dodging
 + Level 1.2 Shields


You had 4 spell levels left.
You didn't know any spells.
Your spell library was empty.

Dungeon Overview and Level Annotations

Branches:
Dungeon (4/15)
 Temple: D:4-7

Altars:

Shops:
D:2 (


Innate Abilities, Weirdness & Mutations

((You are very nimble when in or above water. (Stealth+, EV+, Speed+++)))
Your lower body shifts to a powerful aquatic tail in water.


Message History

The black bear goes berserk!
You hit the black bear.
The black bear is almost dead.
The black bear closely misses you.
The black bear claws you but does no damage. x2
You barely miss the black bear.
The black bear is almost dead.
The black bear barely misses you.
The black bear claws you but does no damage.
The black bear misses you.
You hit the black bear but do no damage.
The black bear is almost dead.
The black bear closely misses you. x2
The black bear claws you but does no damage.
The black bear bites you!
* * * LOW HITPOINT WARNING * * *
The black bear claws you.
* * * LOW HITPOINT WARNING * * *
The black bear claws you.
* * * LOW HITPOINT WARNING * * *
You feel better. The black bear barely misses you.
The black bear claws you but does no damage.
The black bear barely misses you.
You feel better. The black bear completely misses you.
The black bear claws you. The black bear closely misses you. x2
The black bear claws you but does no damage.
The black bear claws you.
You hit the black bear.
The black bear is almost dead.
The black bear misses you. The black bear closely misses you.
The black bear claws you.
It was a potion of attraction.
You feel attractive to monsters. The black bear closely misses you.
The black bear claws you.
* * * LOW HITPOINT WARNING * * *
The black bear claws you but does no damage.
It was a potion of flight.
You feel very buoyant.
You fly up into the air.
The black bear bites you.
You die...

###<..### .....
####.#### ~.≈ #.......#
~.≈ #.##.##.### ...
#.##......# #.#
#.#####.#.######.#
#.#####.#.#......# .
#.......#.#.####.###....
#########.#.#.@h........
#.....##.######.
###.####.# #.####.#
#......# ########


You could see a black bear (berserk).

Vanquished Creatures
  A scorpion (D:4)
  An orc priest (D:4)
  Jessica (D:2)
  2 adders (D:2)
  3 orcs (D:4)
  3 ball pythons
  13 endoplasms
  2 giant cockroaches
  3 goblins
  4 hobgoblins
  3 quokkas
  4 bats
  4 frilled lizards
  6 kobolds
  2 rats
52 creatures vanquished.

Notes
Turn   | Place    | Note
-------+----------+-------------------------------------------
     0 | D:1      | psch the Merfolk Gladiator began the quest for the Orb.
     0 | D:1      | Reached XP level 1. HP: 16/16 MP: 1/1
   143 | D:1      | Reached XP level 2. HP: 22/22 MP: 2/2
   268 | D:1      | Reached skill level 5 in Polearms
   688 | D:2      | Found Minwitt's Weapon Shoppe.
   700 | D:2      | Reached XP level 3. HP: 27/27 MP: 3/3
   984 | D:2      | Upgraded the game from 0.30-a0-476-g330ca2eb8e to
                  | 0.30-a0-626-gd6a5dd7a1f
  1146 | D:2      | Reached skill level 6 in Polearms
  1233 | D:2      | Noticed Jessica
  1239 | D:2      | Killed Jessica
  1240 | D:2      | Reached XP level 4. HP: 33/33 MP: 4/4
  1900 | D:3      | Found a faded altar of an unknown god.
  2516 | D:4      | Reached skill level 7 in Polearms
  2537 | D:4      | Reached XP level 5. HP: 26/38 MP: 5/5
  2624 | D:4      | Noticed a black bear
  2636 | D:4      | Reached skill level 1 in Shields
  2648 | D:4      | Slain by a black bear

Illustrated notes

Levels and vault maps discovered:
D:1:      spicycebolla_arrival_risky_transporter, layout_loops_ring,
          hangedman_decor_push
D:2:      layout_basic, serial_shops, nicolae_shop_bloodbath_and_beyond,
          uniq_jessica
D:3:      layout_basic, shapermc_ecumenical_altar_pompeii
D:4:      layout_loops_cross, nicolae_wu_jian_wuxing_cycle,
          mainiacjoe_overflow_catwalk_spiral, minmay_temple_entry_butterflies,
          cheibrodos_sewer_entry_sluice, uniq_sigmund

Skill      XL: |  1  2  3  4  5 |
---------------+----------------+-----
Polearms       | 5 6 7 |  7.5
Shields        | 1 |  1.2
Fighting       | |  2.1
Throwing       | |  2.0
Dodging        | |  4.5

Action                   |  1- 3 |  4- 6 || total
-------------------------+-------+-------++-------
Melee: Trident           |    20 |       ||    20
       Spear             |    94 |    96 ||   190
       Punch             |     1 |     1 ||     2
Evoke: Wand              |     3 |       ||     3
  Use: Scroll            |     5 |     4 ||     9
       Potion            |       |     6 ||     6
 Stab: Sleeping          |     3 |     1 ||     4
       Paralysed         |     3 |       ||     3
Armor: Leather armour    |    26 |    24 ||    50
Dodge: Dodged            |    36 |    41 ||    77
Block: Buckler           |       |     4 ||     4

Table legend: (Time is in decaauts)
 A = Elapsed time spent in this place.
 B = Non-inter-level travel time spent in this place.
 C = Inter-level travel time spent in this place.
 D = Time resting spent in this place.
 E = Time spent auto-exploring this place.
 F = Levels seen in this place.
 G = Mean time per level.
                   A        B        C        D        E       F      G
               +--------+--------+--------+--------+--------+-----+--------+
         Total |   2611 |   2506 |    105 |    187 |   1880 |   4 |  652.8 |
       Dungeon |   2611 |   2506 |    105 |    187 |   1880 |   4 |  652.8 |
               +--------+--------+--------+--------+--------+-----+--------+

Top non-repeatable levels by time:
     D:2: 983 daAuts
     D:3: 832 daAuts
     D:1: 660 daAuts
     D:4: 135 daAuts
